[Event "*** Titled Tuesday Blitz"]
[Site "Chess.com"]
[Date "2020.12.01"]
[Round "2"]
[White "renehp"]
[Black "nitpicker"]
[Result "1/2-1/2"]
[WhiteElo "2443"]
[BlackElo "2265"]
[TimeControl "180+1"]
[EndTime "10:18:04 PST"]
[Termination "Game drawn by agreement"]

1. e4 d5 2. exd5 Qxd5 3. Nc3 Qd8 4. d4 Nf6 5. Bc4 a6 6. Nf3 b5 7. Bb3 c5 8. dxc5 Qxd1+ 9. Nxd1 e6 10. Be3 Bb7 11.
Nc3 Nbd7 12. O-O-O Nxc5 13. Rhe1 Nxb3+ 14. axb3 Be7 15. Ne5 O-O 16. f3 Rfd8 17. Bb6 Rd6 18. Bc7 Rxd1+ 19. Rxd1 Rc8 20. Bd6 Kf8 21. b4 Nd5 22.
Bxe7+ Kxe7 23. Nxd5+ Bxd5 24. b3 Bxb3 25. Rd7+ Ke8 26.
Kb2 Bxc2 27. Rxf7 Bf5 28. Rxg7 Rc2+ 29. Kb3 Re2 30. Nc6 Bg6 31. Ra7 Rxg2 32. Rxa6 Rxh2 33. Nd4 Bd3 34. Rxe6+ Kd7 35. Re5 Bc4+ 36. Kc3 Kd6 37. Rf5 Rf2 38. Nxb5+ Bxb5 39. Rxb5 Rxf3+ 40. Kc4 Kc6 41. Rh5 Rf4+ 42. Kb3 Rf7 43. Ka4 Kb7 44. Ka5 Rg7 45.
b5 Rf7 46. Rh6 Rg7 47. Rb6+ Ka7 48. Ra6+ Kb7 49. Rh6 Rf7 50. Rh5 Rg7 1/2-1/2

[Event "*** Titled Tuesday Blitz"]
[Site "Chess.com"]
[Date "2020.12.01"]
[Round "2"]
[White "Skat2704"]
[Black "igorknyazev"]
[Result "1-0"]
[WhiteElo "2364"]
[BlackElo "2067"]
[TimeControl "180+1"]
[EndTime "10:18:04 PST"]
[Termination "Skat2704 won on time"]

1. d4 Nf6 2. c4 c5 3. d5 b5 4.
cxb5 a6 5. bxa6 Bxa6 6. Nc3 g6 7. g3 d6 8. Bg2 Bg7 9. Nf3 Qa5 10. O-O O-O 11.
Bd2 Nbd7 12. a4 Rfb8 13. Qc2 Ng4 14. Rfb1 Qb6 15. a5 Qa7 16. Ra4 c4 17. h3 Qxf2+ 18. Kh1 Ne3 19. Bxe3 Qxe3 20. Nd1 Qh6 21. Nf2 Nc5 22.
Ra3 Rb3 23. Rd1 Rxa3 24. bxa3 Qe3 25. Ng4 Qxa3 26. Ng5 Qxa5 27. Rf1 Rf8 28. Qc1 Qc3 29. Qf4 f5 30. Nh2 Be5 31. Qh4 h5 32. Nhf3 Ne4 33.
Nxe4 fxe4 34. Qxe4 Kg7 35. Rd1 Bb7 36. g4 hxg4 37. Qxg4 Qc2 38. Rf1 Bxd5 39. Nxe5 Rxf1+ 40. Kh2 dxe5 41. Bxf1 Qf5 42. Qxf5 gxf5 43. Kg3 f4+ 44. Kf2 Kf6 45. Ke1 Kf5 46. Kd2 1-0

[Event "*** Titled Tuesday Blitz"]
[Site "Chess.com"]
[Date "2020.12.01"]
[Round "2"]
[White "coco_crc"]
[Black "MFBerna"]
[Result "0-1"]
[WhiteElo "2186"]
[BlackElo "2413"]
[TimeControl "180+1"]
[EndTime "10:18:05 PST"]
[Termination "MFBerna won by resignation"]

1. e4 e5 2. Nf3 Nc6 3. c3 d5 4.
Qa4 f6 5. Bb5 Ne7 6. exd5 Qxd5 7. O-O Be6 8. d4 e4 9. c4 Qd6 10. Nfd2 Qxd4 11. Re1 f5 12. Nb3 Qe5 13. Na5 Kf7 14.
Nxb7 Nd4 15. Bd7 Ng6 16. Bxe6+ Nxe6 17. Nc3 Be7 18. Na5 Nd4 19. Be3 c5 20. Nd5 Bd6 21. Qd7+ Ne7 22. Bf4 Qxf4 23. Nxf4 Bxf4 24. Rad1 Rhd8 25.
Qa4 Bc7 26. Nb3 Bb6 27. Nxd4 cxd4 28. c5 Bxc5 29. Qc4+ Rd5 30. b4 Bb6 31. a4 Rc8 32.
Qb3 Rc3 33. Qa2 d3 34. a5 Rc2 35. Qxc2 dxc2 36. Rxd5 Nxd5 37. axb6 axb6 38. b5 Nc3 39. Kf1 Na2 40. Ra1 c1=Q+ 41. Rxc1 Nxc1 0-1

[Event "*** Titled Tuesday Blitz"]
[Site "Chess.com"]
[Date "2020.12.01"]
[Round "2"]
[White "Matols"]
[Black "JoachimMouhamad"]
[Result "1-0"]
[WhiteElo "2226"]
[BlackElo "2409"]
[TimeControl "180+1"]
[EndTime "10:18:06 PST"]
[Termination "Matols won by checkmate"]

1. d4 Nf6 2. c4 g6 3. g3 c6 4.
Bg2 d5 5. b3 Bg7 6. Nf3 dxc4 7.
bxc4 c5 8. Bb2 Ne4 9. O-O O-O 10. Qb3 Nc6 11. Rd1 Qb6 12. Ne5 Nd6 13. Nxc6 bxc6 14. Qxb6 axb6 15. Bxc6 Ra7 16. Bb5 Be6 17. Nd2 cxd4 18. a4 d3 19. Bxg7 dxe2 20. Re1 Kxg7 21. Rxe2 Nxb5 22. cxb5 Rd8 23. Nf3 Bc4 24. Ree1 e6 25. Ne5 Bd5 26. Red1 Rda8 27. Rd4 f6 28. Nc6 Rc7 29. Nb4 Bb3 30. Na6 Re7 31. Rd6 Bd5 32. Rxb6 e5 33. Rd6 Bf3 34. a5 Rc8 35. b6 Rc2 36. Nb4 Rb2 37. Nd5 Re8 38. Rd7+ Kh6 39.
Nxf6 Rc8 40. Rxh7+ Kg5 41. Nd7 Rcc2 42. h4+ Kg4 43.
Nf6+ Kh3 44. Rf1 Bg2 45. h5 Bxf1 46. hxg6# 1-0

[Event "*** Titled Tuesday Blitz"]
[Site "Chess.com"]
[Date "2020.12.01"]
[Round "2"]
[White "Sergey85Rodchenkov"]
[Black "hawes33"]
[Result "1-0"]
[WhiteElo "2448"]
[BlackElo "2253"]
[TimeControl "180+1"]
[EndTime "10:18:08 PST"]
[Termination "Sergey85Rodchenkov won by checkmate"]

1. e4 c5 2. Nf3 e6 3. d3 a6 4. g3 b5 5. Bg2 Bb7 6. O-O Nf6 7.
Re1 Be7 8. Nbd2 O-O 9. a4 d5 10.
Qe2 bxa4 11. Rxa4 Bc6 12. Ra1 a5 13. Ne5 Qc7 14. Nxc6 Qxc6 15. exd5 exd5 16. b3 Ra7 17. Bb2 Qd6 18. Be5 Qb6 19. Nf3 Nc6 20. Bc3 d4 21.
Bd2 h6 22. Ne5 Nxe5 23. Qxe5 Bd6 24. Qf5 Bc7 25. h4 Ra6 26. Re7 Bd6 27. Re2 Bc7 28. Rae1 a4 29. bxa4 Rxa4 30. g4 Qd6 31. g5 Qh2+ 32.
Kf1 hxg5 33. hxg5 Nh5 34. Re8 g6 35. Qc8 Bd6 36. Rxf8+ Bxf8 37. Qg4 Qd6 38. Bf3 Ng7 39. Kg2 c4 40. Rh1 cxd3 41. cxd3 Ra2 42. Bf4 Qe6 43. Qh4 f6 44. gxf6 Nh5 45. Bxh5 gxh5 46. Qg5+ Kf7 47.
Qxh5+ Kxf6 48. Qg5+ Kf7 49. Rh7+ Ke8 50. Qb5+ Kd8 51.
Qb8+ Qc8 52. Bg5+ Be7 53. Bxe7+ Ke8 54. Qxc8# 1-0

[Event "*** Titled Tuesday Blitz"]
[Site "Chess.com"]
[Date "2020.12.01"]
[Round "2"]
[White "sorito"]
[Black "mbojan"]
[Result "1-0"]
[WhiteElo "2493"]
[BlackElo "2671"]
[TimeControl "180+1"]
[EndTime "10:18:10 PST"]
[Termination "sorito won by resignation"]

1. Nf3 g6 2. d3 Bg7 3. Nbd2 c5 4. e4 Nc6 5. c3 Nf6 6. a3 O-O 7. h3 d5 8. e5 Nh5 9. d4 cxd4 10. cxd4 Nf4 11.
Nb3 Ne6 12. Be3 Qb6 13. Be2 Na5 14. Nxa5 Qxa5+ 15. b4 Qb6 16. O-O Bd7 17. Qb3 Bb5 18. Bxb5 Qxb5 19. Rfc1 Rfc8 20. a4 Qd7 21. b5 a6 22.
Rcb1 Bf8 23. bxa6 bxa6 24. Qb7 Qxb7 25. Rxb7 h6 26. Rab1 Nd8 27. Rd7 e6 28. Nh2 h5 29.
Nf3 Rab8 30. Rxb8 Rxb8 31. Bg5 Nc6 32. Rc7 Na5 33. Ra7 Nb3 34. Rxa6 Bb4 35. Ra7 Bc3 36. Be3 Ba1 37. a5 Rb4 38. a6 Nxd4 39. Bxd4 Bxd4 40.
Rb7 Ra4 41. Nxd4 Rxa6 42. g3 Ra1+ 43. Kg2 Re1 44. Nc6 Kg7 45. h4 g5 46. hxg5 Kg6 47. f4 Kf5 48. Rxf7+ Kg4 49. g6 Re2+ 50. Kf1 Kf3 51. f5 exf5 52. Rxf5+ Ke3 53. g7 Rb2 54. g8=Q Rb1+ 1-0

[Event "*** Titled Tuesday Blitz"]
[Site "Chess.com"]
[Date "2020.12.01"]
[Round "2"]
[White "natelleka"]
[Black "Volodar_Murzin"]
[Result "0-1"]
[WhiteElo "2177"]
[BlackElo "2596"]
[TimeControl "180+1"]
[EndTime "10:18:12 PST"]
[Termination "Volodar_Murzin won by checkmate"]

1. e4 c5 2. Nf3 d6 3. d4 cxd4 4. Nxd4 Nf6 5. Nc3 a6 6. Rg1 e5 7.
Nb3 Be6 8. g4 h6 9. h4 g6 10. g5 Nh5 11. Be2 hxg5 12. hxg5 Be7 13. Nd5 Nc6 14. Nxe7 Qxe7 15. Be3 Nf4 16. Bxf4 exf4 17.
Nd4 Ne5 18. Qd2 Rh4 19. Nf3 Nxf3+ 20. Bxf3 d5 21. O-O-O dxe4 22. Bxe4 Kf8 23. Rh1 Qxg5 24.
Rxh4 Qxh4 25. Rh1 Qf6 26. Bxb7 Rd8 27. Rh8+ Qxh8 28. Qxd8+ Kg7 29. Qxh8+ Kxh8 30. Bxa6 Kg7 31. Kd2 Kf6 32. Kd3 Ke5 33. b4 g5 34. b5 Kd5 35. b6 Kc6 36. b7 Kc7 37. c4 Bf5+ 38. Ke2 g4 39. c5 Be4 40. a4 f5 41. a5 g3 42. fxg3 fxg3 43. Kf1 f4 44. Be2 Kxb7 45. a6+ Kc7 46. Kg1 f3 47. Bc4 Kc6 48. Bf1 f2# 0-1

[Event "*** Titled Tuesday Blitz"]
[Site "Chess.com"]
[Date "2020.12.01"]
[Round "2"]
[White "Nuvas"]
[Black "Marianov_Podstavnikov"]
[Result "0-1"]
[WhiteElo "2426"]
[BlackElo "2254"]
[TimeControl "180+1"]
[EndTime "10:18:12 PST"]
[Termination "Marianov_Podstavnikov won by resignation"]

1. d4 Nf6 2. c4 e6 3. Nc3 Bb4 4. g3 d5 5. Bg2 O-O 6. Nf3 c6 7. O-O b6 8. Bg5 Nbd7 9. cxd5 cxd5 10. Rc1 h6 11. Bf4 a6 12. Qa4 Qe7 13. Qc6 Ra7 14. a3 Bb7 15. Qa4 Bd6 16. Bxd6 Qxd6 17. Nb5 Bc6 18.
Qxa6 Rxa6 19. Nxd6 b5 20. Ne5 Nxe5 21. dxe5 Nd7 22.
f4 f6 23. Bh3 fxe5 24. Bxe6+ Kh8 25. Nf7+ Kh7 26. Bxd7 Bxd7 27. Nxe5 Bf5 28. Nc6 Be4 29. Rfd1 Rc8 30. Nb4 Raa8 31. Kf2 Rc4 32. Ke3 Re8 33.
Rxc4 dxc4 34. Kf2 Bf5 35. Rd5 Bg4 36. e3 c3 37. bxc3 Rc8 38. Rxb5 Rxc3 39. Ra5 Rb3 40. e4 Rf3+ 41. Kg2 Re3 42. e5 Re2+ 43. Kg1 Bh3 44. Nd3 Rg2+ 45. Kf1 Rd2+ 46. Ke1 Rxd3 47. Ra6 Bg4 48. a4 Re3+ 49. Kd2 Re2+ 50. Kd3 Rxh2 51.
e6 Be2+ 0-1

[Event "*** Titled Tuesday Blitz"]
[Site "Chess.com"]
[Date "2020.12.01"]
[Round "2"]
[White "Training_Day"]
[Black "catzapto"]
[Result "1-0"]
[WhiteElo "2390"]
[BlackElo "2126"]
[TimeControl "180+1"]
[EndTime "10:18:12 PST"]
[Termination "Training_Day won by checkmate"]

1. d4 Nf6 2. Bg5 e6 3. Nd2 h6 4. Bh4 Be7 5. Ngf3 c5 6. e3 cxd4 7. exd4 Nc6 8. c3 Qb6 9. Qb3 O-O 10. Qxb6 axb6 11. Bd3 d5 12. O-O Bd7 13. Rfe1 g5 14.
Bg3 Nh5 15. Ne5 Nxe5 16. Bxe5 f6 17. Bc7 Bd8 18. Bd6 Re8 19. Bg6 Ng7 20. Bxe8 Nxe8 21.
Bg3 h5 22. h4 gxh4 23. Bxh4 Kf7 24. Nb3 Ng7 25. f3 Nf5 26. Bf2 Bc7 27. Nc1 h4 28. Nd3 Bd6 29. Kf1 Bb5 30. Red1 h3 31. gxh3 Rg8 32. Ke2 Ng3+ 33. Kd2 Bf4+ 34. Nxf4 e5 35.
Nxd5 Nf5 36. Rg1 Rd8 37. Ne3 Nd6 38. dxe5 Ne4+ 39. Ke1 Nc5 40. Rd1 Nd3+ 41. Rxd3 Rxd3 42. c4 Ba4 43. b3 Bc6 44. Ke2 Rd8 45. exf6 Ra8 46.
a4 Re8 47. h4 Kxf6 48. Kd2 Rd8+ 49. Nd5+ Kf5 50. Bxb6 Bxd5 51. cxd5 Rxd5+ 52. Kc3 Rd6 53. a5 Rc6+ 54. Kb4 Kf4 55. Rh1 Kxf3 56. h5 Rh6 57. Bc7 Ke4 58. Kb5 Kd5 59. Bb6 Kd6 60. Be3 Rh7 61.
h6 Kd7 62. Bd4 Kc8 63. Bg7 Kb8 64. Kb6 Kc8 65. Rd1 Rxh6+ 66. Bxh6 Kb8 67. Rd8# 1-0

[Event "*** Titled Tuesday Blitz"]
[Site "Chess.com"]
[Date "2020.12.01"]
[Round "2"]
[White "lucachess49"]
[Black "Shota_Azaladze"]
[Result "0-1"]
[WhiteElo "2343"]
[BlackElo "2633"]
[TimeControl "180+1"]
[EndTime "10:18:13 PST"]
[Termination "Shota_Azaladze won by resignation"]

1. d4 g6 2. c4 Bg7 3. e4 c5 4. d5 d6 5. Ne2 e6 6. Nec3 Ne7 7. Be2 h6 8. O-O e5 9. b4 cxb4 10. Qa4+ Qd7 11. Nb5 O-O 12. Qxb4 Rd8 13. Ba3 Na6 14. Qxd6 Bf8 15. Qxd7 Bxd7 16. Nd2 Nc8 17. Bxf8 Kxf8 18. Nb3 Bxb5 19. cxb5 Nc7 20. Rfc1 Ne8 21.
a4 Ncd6 22. Bd3 Rdc8 23. a5 Ke7 24. f3 f5 25. Kf2 fxe4 26. fxe4 Nf6 27. Kf3 Nd7 28.
a6 Rxc1 29. Rxc1 bxa6 30. bxa6 Rf8+ 31. Ke2 Rb8 32. Na5 Rb2+ 33. Rc2 Rxc2+ 34. Bxc2 Nb8 35. Bd3 Kd7 36. Kd2 Kc7 37. Kc3 Nd7 38. Kb4 Nf6 39. Nc6 Kb6 40. Nxe5 Nfxe4 41. Bxe4 Nxe4 42. Nxg6 Kxa6 43. Ne5 Kb6 44. g4 a5+ 45. Kc4 Nd6+ 46. Kb3 Kb5 47. Nd3 a4+ 48. Ka3 Nc4+ 49. Ka2 Ne3 50. h3 Nxd5 51.
Nf4 Nxf4 52. h4 Ng6 53. h5 Ne5 54. g5 hxg5 55. h6 Nf7 0-1

[Event "*** Titled Tuesday Blitz"]
[Site "Chess.com"]
[Date "2020.12.01"]
[Round "2"]
[White "kinga2008"]
[Black "Stormeman100100"]
[Result "0-1"]
[WhiteElo "2182"]
[BlackElo "2516"]
[TimeControl "180+1"]
[EndTime "10:18:13 PST"]
[Termination "Stormeman100100 won by resignation"]

1. e4 c5 2. Nf3 d6 3. c3 Nf6 4.
Bd3 g6 5. Bc2 Bg7 6. O-O Bg4 7.
d4 cxd4 8. cxd4 Nc6 9. Be3 O-O 10. Nc3 Nd7 11. Ba4 Rc8 12. Rc1 e5 13. d5 Nd4 14.
Bxd4 exd4 15. Nb5 Rxc1 16. Qxc1 Bxf3 17. gxf3 Qh4 18. Nxd6 Be5 19. Rd1 Nb6 20. Nc4 Bxh2+ 21. Kg2 Bf4 22. Qc2 Rc8 23. b3 Qh2+ 24. Kf1 a6 25.
Qd3 Nxc4 26. bxc4 b5 27. Bb3 bxc4 28. Bxc4 Be5 29. Bxa6 Rc3 30. Ke2 Rxd3 31. Rxd3 Qg1 32.
Rd1 Qg5 33. Bc4 Qd8 34. Rb1 Qc7 35. Bb3 Qc3 36. Rd1 Kg7 37. Rd3 Qb4 38. Rd2 Bf4 39. Rc2 h5 40. Bc4 h4 41. Bd3 h3 42. Kf1 h2 43. Kg2 Qe1 44. Bf1 Qxf1+ 45. Kxf1 h1=Q+ 46. Ke2 d3+ 47. Kxd3 Qd1+ 48. Kc3 Be5+ 49. Kb3 Qb1+ 50. Rb2 Qxb2+ 0-1

[Event "*** Titled Tuesday Blitz"]
[Site "Chess.com"]
[Date "2020.12.01"]
[Round "2"]
[White "MashaFromRussia"]
[Black "Morshynska"]
[Result "0-1"]
[WhiteElo "2428"]
[BlackElo "2256"]
[TimeControl "180+1"]
[EndTime "10:18:13 PST"]
[Termination "Morshynska won by resignation"]

1. d4 d5 2. c4 c6 3. Nf3 Nf6 4. Nc3 e6 5. g3 Nbd7 6. Bg2 Bd6 7. O-O O-O 8. b3 Qe7 9. Qc2 b6 10. e4 dxe4 11. Nxe4 Nxe4 12. Qxe4 Bb7 13. Rd1 Nf6 14. Qe2 c5 15. Bg5 cxd4 16. Nxd4 Bxg2 17. Kxg2 h6 18. Be3 Rfd8 19. Nb5 Bc5 20. Bxc5 Qxc5 21. Qf3 a6 22. Nc3 b5 23. Ne4 Nxe4 24. Qxe4 bxc4 25. Qxc4 Qxc4 26. bxc4 Rac8 27. Rxd8+ Rxd8 28. Rb1 Rd2 29. a3 Rc2 30. Rb4 Rc3 31. Ra4 e5 32. Kf1 Rc2 33. Rxa6 Rxc4 34. Ke2 f5 35. Kd3 Rd4+ 36. Kc3 Re4 37. Rb6 Re1 38.
Rb5 Kf7 39. a4 Kf6 40. h4 f4 41. a5 Ra1 42. g4 h5 43. gxh5 Kf5 44. Kc4 f3 45. Kc5 Ra2 46. Kb6 Rxf2 47. a6 Ra2 48.
a7 Rxa7 49. Kxa7 f2 50. Rb1 Kf4 51. Kb6 e4 52. Kc5 e3 0-1

[Event "*** Titled Tuesday Blitz"]
[Site "Chess.com"]
[Date "2020.12.01"]
[Round "2"]
[White "GMStefanova"]
[Black "dropstoneDP"]
[Result "0-1"]
[WhiteElo "2555"]
[BlackElo "2913"]
[TimeControl "180+1"]
[EndTime "10:18:14 PST"]
[Termination "dropstoneDP won by resignation"]

1. d4 d5 2. Bf4 c5 3. e3 Nc6 4. c3 Nf6 5. Nd2 e6 6. Ngf3 Bd6 7. Bg3 O-O 8. Ne5 Qc7 9. f4 Nd7 10. Bd3 f5 11. O-O c4 12. Bc2 b5 13. Rf3 Rb8 14. Be1 Bb7 15. Rh3 Nf6 16. Ndf3 Rbe8 17. Bh4 Ne4 18. Ng5 Nxg5 19. Bxg5 g6 20. g4 Nxe5 21.
fxe5 Be7 22. Bh6 Rf7 23. gxf5 exf5 24. Kf2 f4 25. exf4 Bc8 26. Re3 Bf8 27. Bg5 h6 28.
Bxg6 hxg5 29. Bxf7+ Qxf7 30. Qf3 g4 31. Qg3 Bh6 32. Kg1 Bxf4 33. Qf2 Bxe3 34. Qxe3 Rf8 35. Re1 Be6 36. Qg5+ Kh7 37. Qh4+ Kg6 38. Qg3 Qf3 39. Qxf3 Rxf3 40. Kg2 a5 41. Re2 Kg5 42. Rd2 b4 43. Rc2 Kf4 44. Rc1 Ke4 45. a3 b3 46.
Re1+ Kd3 47. Rc1 Kd2 48. Ra1 Kc2 0-1

[Event "*** Titled Tuesday Blitz"]
[Site "Chess.com"]
[Date "2020.12.01"]
[Round "2"]
[White "GukeshDommaraju"]
[Black "Gudmundur_Kjartansson"]
[Result "1-0"]
[WhiteElo "2888"]
[BlackElo "2551"]
[TimeControl "180+1"]
[EndTime "10:18:15 PST"]
[Termination "GukeshDommaraju won by checkmate"]

1. d4 d5 2. Nf3 e6 3. Bf4 Bd6 4.
e3 Bxf4 5. exf4 Nf6 6. Nbd2 O-O 7. Bd3 c5 8. dxc5 Qc7 9. g3 Qxc5 10. O-O b6 11.
Nb3 Qc7 12. Nbd4 Ba6 13. Qe2 Bxd3 14. cxd3 Rc8 15. f5 exf5 16. Nxf5 Re8 17. Qd2 h6 18. Rac1 Qd7 19. N3d4 Na6 20. Rc6 Re6 21. Nxe6 fxe6 22. Rd6 Qf7 23. Nd4 e5 24. Nb5 Nc5 25. b4 Ne6 26.
Rxe6 Qxe6 27. Nc7 Qc8 28. Nxa8 Qxa8 29. Re1 Qb8 30. Qc3 e4 31. dxe4 dxe4 32. Qd4 Qc8 33.
Rd1 Qh3 34. Rc1 Kh7 35. Rc7 Qf5 36. Rxa7 b5 37. a4 bxa4 38. Rxa4 h5 39. Ra5 Qf3 40. Ra7 h4 41. gxh4 Qg4+ 42. Kf1 Qxh4 43. Ke1 Nh5 44. b5 Qg4 45. b6 Nf6 46. Qxf6 Qg1+ 47. Ke2 Qg4+ 48. Ke3 Qh3+ 49. f3 exf3 50. Qxg7# 1-0

[Event "*** Titled Tuesday Blitz"]
[Site "Chess.com"]
[Date "2020.12.01"]
[Round "2"]
[White "GM_dmitrij"]
[Black "biostatistician"]
[Result "1-0"]
[WhiteElo "2959"]
[BlackElo "2569"]
[TimeControl "180+1"]
[EndTime "10:18:16 PST"]
[Termination "GM_dmitrij won on time"]

1. c4 Nf6 2. Nc3 g6 3. g3 Bg7 4. Bg2 O-O 5. e4 c5 6. Nge2 Nc6 7. O-O d6 8. a3 Bg4 9. d3 Ne8 10. f3 Bd7 11. Rb1 a5 12. Be3 Nd4 13. Bf2 Nxe2+ 14. Nxe2 Nc7 15. d4 cxd4 16. Nxd4 Ne6 17. Nb5 a4 18. f4 Bc6 19. Qd3 Nc5 20. Qe2 b6 21.
Rfd1 Qc8 22. Nd4 Bb7 23. Re1 Ne6 24. Nb5 Nc5 25. Nc3 Bxc3 26. bxc3 Nd7 27. Bxb6 Nxb6 28. Rxb6 Ba6 29. Rb4 Qc5+ 30. Qf2 Rac8 31. Bf1 Qa5 32. e5 dxe5 33. Rxe5 Qc7 34. Rxa4 Bb7 35. Rb4 Rfd8 36.
Qb6 Ba8 37. Qxc7 Rxc7 38. Reb5 Kg7 39. Rb8 Rxb8 40. Rxb8 Be4 41. Kf2 Ra7 42. Ke3 f5 43. Rb3 Bc2 44. Rb2 Bd1 45. Rd2 Bb3 46. c5 Rxa3 47. Bb5 Be6 48. Kd4 Rb3 49. c4 Kf6 50. c6 Ra3 51. Kc5 Ra8 52. c7 1-0

[Event "*** Titled Tuesday Blitz"]
[Site "Chess.com"]
[Date "2020.12.01"]
[Round "2"]
[White "shnitez"]
[Black "bancsoo"]
[Result "1-0"]
[WhiteElo "2571"]
[BlackElo "2883"]
[TimeControl "180+1"]
[EndTime "10:18:16 PST"]
[Termination "shnitez won by resignation"]

1. c4 e6 2. Nf3 Nf6 3. g3 d5 4. b3 Be7 5. Bg2 O-O 6. O-O d4 7. e3 c5 8. exd4 cxd4 9. d3 Nc6 10. Re1 Ne8 11. Ne5 Nxe5 12. Rxe5 f6 13. Re1 Nc7 14.
Na3 e5 15. Nc2 a5 16. a3 Rb8 17. Bd2 Ne6 18. b4 axb4 19. axb4 b5 20. cxb5 Nc7 21.
Na3 Nxb5 22. Nxb5 Rxb5 23. Ra5 Rb8 24. Qb3+ Kh8 25. Ra7 Bc5 26. Rf7 Rxf7 27. Qxf7 Bxb4 28. Bxb4 Rxb4 29. f4 Rb5 30. fxe5 Rxe5 31. Rxe5 fxe5 32. Be4 g6 33. h4 Bg4 34. Bd5 Be2 35. Be4 Bg4 36. Kf2 Bf5 37. Bxf5 gxf5 38. Qxf5 Qd6 39. Kf3 Kg7 40. Ke4 Qc6+ 41. Kxe5 Qb5+ 42. Ke4 Qb2 43. Qe5+ Kg6 44. Qf5+ Kg7 45. Qe5+ Kg6 46. Qxd4 Qg2+ 47. Kf4 Qd2+ 48. Qe3 Qd1 49. Qe4+ Kg7 50. Qe5+ Kg6 51. Qf5+ Kg7 52. Qg5+ Kf7 53. Qf5+ Kg7 54. Qg4+ 1-0

[Event "*** Titled Tuesday Blitz"]
[Site "Chess.com"]
[Date "2020.12.01"]
[Round "2"]
[White "Adham_Fawzy"]
[Black "Beltraxtor"]
[Result "0-1"]
[WhiteElo "2832"]
[BlackElo "2553"]
[TimeControl "180+1"]
[EndTime "10:18:16 PST"]
[Termination "Beltraxtor won by checkmate"]

1. e4 e5 2. Nf3 Nf6 3. Nc3 Nc6 4.
Bb5 Nd4 5. Bc4 d6 6. h3 Be6 7.
d3 Be7 8. Be3 Nxf3+ 9. Qxf3 O-O 10. O-O-O c6 11. d4 Bxc4 12. dxe5 Nd7 13. exd6 Bf6 14.
Bd4 Ne5 15. Qg3 Ng6 16. e5 Bg5+ 17. Be3 Bh4 18. Qg4 Nxe5 19. Qe4 Re8 20. Kb1 Ba6 21. d7 Nxd7 22. Rxd7 Qxd7 23. Qxh4 Rad8 24. b3 Qe7 25. Qxe7 Rxe7 26. Bxa7 f6 27. Bb6 Rd2 28. Kc1 Rdd7 29. a4 Kf7 30. h4 h5 31. g3 Kg6 32. Be3 Kf5 33. b4 Bc4 34. Kb2 Kg4 35. b5 cxb5 36. axb5 Re5 37. b6 Ra5 38. Rb1 Kf3 39. Kc1 g5 40. Rb4 Bf7 41. hxg5 fxg5 42. Ne4 Ke2 43. Nxg5 Ra2 44. Rd4 Rxd4 45. Bxd4 Bd5 46. Kb1 Ra4 47. Be3 Rb4+ 48. Ka1 Kd1 49. c3 Rb5 50. Nh3 Kc2 51. c4 Ra5# 0-1

[Event "*** Titled Tuesday Blitz"]
[Site "Chess.com"]
[Date "2020.12.01"]
[Round "2"]
[White "ajedrezsinlimites"]
[Black "Karacsonyi_Gellert"]
[Result "1/2-1/2"]
[WhiteElo "2447"]
[BlackElo "2659"]
[TimeControl "180+1"]
[EndTime "10:18:16 PST"]
[Termination "Game drawn by stalemate"]

1. e4 c5 2. Nf3 Nc6 3. d4 cxd4 4.
Nxd4 g6 5. c4 Nf6 6. Nc3 d6 7. Be2 Nxd4 8. Qxd4 Bg7 9. Be3 O-O 10.
Qd2 a5 11. O-O a4 12. Rac1 Qa5 13. Rfd1 Be6 14. f3 Rfc8 15. Nd5 Qxd2 16. Bxd2 Nxd5 17. cxd5 Bd4+ 18. Kf1 Bd7 19. Bc3 Bxc3 20. Rxc3 Rxc3 21.
bxc3 Rc8 22. c4 f5 23. Kf2 fxe4 24. fxe4 Kg7 25. Rb1 Rc7 26. Ke3 Kf6 27. Kd4 e5+ 28. Ke3 Ke7 29. h4 Kd8 30. Kd2 Kc8 31. Bd3 Rc5 32. Rf1 Be8 33. Rf8 Kd8 34. g4 Ke7 35.
Rh8 h5 36. gxh5 gxh5 37. Rh7+ Bf7 38. Be2 Kf6 39. Rh6+ Ke7 40. Rh7 Kf6 41. Rh6+ Ke7 42. Rh8 Be8 43. Rh7+ Kd8 44. Rxb7 Rc7 45. Rxc7 Kxc7 46.
Kc3 Kb6 47. Kb4 Bg6 48. Bf3 Be8 49. a3 Bg6 50. Bd1 Bxe4 51. Bxh5 Bc2 52. Be2 e4 53. h5 e3 54. h6 Bh7 55. Bd1 Bc2 56. Be2 Bh7 57. Kc3 Kc5 58. Bd1 Bg6 59. Be2 Bh7 60. Bd3 Bg8 61. h7 e2 62. Bxe2 Bxh7 63. Bd1 Bg8 64. Bxa4 Bf7 65. Bb3 Bh5 66. a4 Be8 67.
a5 Bd7 68. Kb2 Bc8 69. Ka3 Ba6 70. Ba2 Bc8 71. Kb3 Ba6 72. Kc3 Bc8 73. Bb1 Ba6 74.
Bd3 Bc8 75. Be2 Ba6 76. Bf1 Bxc4 77. Bxc4 1/2-1/2

[Event "*** Titled Tuesday Blitz"]
[Site "Chess.com"]
[Date "2020.12.01"]
[Round "2"]
[White "mirciulica14"]
[Black "cukin84"]
[Result "1-0"]
[WhiteElo "2598"]
[BlackElo "2177"]
[TimeControl "180+1"]
[EndTime "10:18:16 PST"]
[Termination "mirciulica14 won by resignation"]

1. d4 f5 2. g3 Nf6 3. Bg2 g6 4. Nf3 Bg7 5. O-O O-O 6. b3 d6 7. Bb2 Qe8 8. Nbd2 Nbd7 9. Re1 e5 10. e4 fxe4 11. dxe5 Nxe5 12. Nxe5 dxe5 13. Nxe4 Nxe4 14. Bxe4 Kh8 15. Qe2 Qf7 16. Bg2 c6 17. Bxe5 Bf5 18. Bxg7+ Qxg7 19. c4 Rad8 20. Rad1 Rxd1 21. Rxd1 Qc3 22.
Qd2 Qxd2 23. Rxd2 Re8 24. h4 Re1+ 25. Kh2 Ra1 26. Rd8+ Kg7 27. Rb8 Rxa2 28. Rxb7+ Kh6 29. Kg1 Ra1+ 30. Kh2 Ra2 31. f3 Bd3 32. g4 g5 33.
hxg5+ Kxg5 34. Kg3 a5 35. f4+ Kg6 36. Bxc6 Rb2 37. f5+ Kf6 38. Kf4 h6 39. Bf3 a4 40.
bxa4 Rf2 41. Ke3 Rf1 42. Rb6+ Kg5 43. Rg6+ Kh4 44. Rxh6+ Kg3 45. Kxd3 Rxf3+ 46. Kd4 Kxg4 47. Re6 Kxf5 48. Re5+ Kf6 49. Re3 Rf4+ 50. Kd5 Rf1 51. c5 Ra1 52. Re4 Kf5 53. c6 Rd1+ 54. Rd4 Rc1 55.
Rc4 Rd1+ 56. Kc5 Ke6 57. a5 Ra1 58. Re4+ Kf5 59. Rd4 Rxa5+ 60. Kb6 Ra1 61. c7 Rc1 62. Rd5+ Ke6 63. Rd8 Rb1+ 64. Ka5 1-0

[Event "*** Titled Tuesday Blitz"]
[Site "Chess.com"]
[Date "2020.12.01"]
[Round "2"]
[White "PawnEatingZombie"]
[Black "The_Machine04"]
[Result "0-1"]
[WhiteElo "2155"]
[BlackElo "2403"]
[TimeControl "180+1"]
[EndTime "10:18:16 PST"]
[Termination "The_Machine04 won by resignation"]

1. d4 d6 2. e4 Nf6 3. Nc3 e5 4. Nf3 Nbd7 5. Bc4 Be7 6. O-O c6 7. a4 h6 8. Re1 Qc7 9. b3 Nf8 10. Bb2 Ng6 11. Bd3 a5 12. Ne2 Nh5 13. h3 O-O 14. Ng3 Nxg3 15. fxg3 Bf6 16. Rf1 Be6 17. c4 Rad8 18. d5 Bc8 19. Qe1 Qb6+ 20. Kh2 Qxb3 21. Qd2 cxd5 22. cxd5 Bd7 23. Rfb1 Qb6 24. Bxe5 Qc7 25.
Bxf6 gxf6 26. Qxh6 Qc3 27. Rd1 Rc8 28. e5 Rfe8 29. Rac1 Qb2 30. e6 Bxa4 31. exf7+ Kxf7 32. Bxg6+ Ke7 33. Re1+ Kd7 34. Qg7+ Kd8 35. Rxe8+ Bxe8 36. Rd1 Rc7 37. Qg8 Re7 38. Bxe8 Rxe8 39. Qf7 Re7 40. Qf8+ Kd7 41. Qh6 a4 42. Qf4 a3 43.
Qa4+ b5 44. Qa7+ Ke8 45. Qd4 Qxd4 46. Rxd4 a2 47. Rd1 b4 48. Nd2 Ra7 49. Nb3 Ra3 50. Na1 b3 51. Rd3 b2 52. Rxa3 bxa1=Q 53. Ra8+ Kf7 0-1

[Event "*** Titled Tuesday Blitz"]
[Site "Chess.com"]
[Date "2020.12.01"]
[Round "2"]
[White "Everyfishknows"]
[Black "Vincent_Vega95"]
[Result "0-1"]
[WhiteElo "2488"]
[BlackElo "2762"]
[TimeControl "180+1"]
[EndTime "10:18:17 PST"]
[Termination "Vincent_Vega95 won by checkmate"]

1. d4 Nf6 2. c4 g6 3. Nc3 Bg7 4. e4 O-O 5. Nf3 d6 6. Be2 Nbd7 7. O-O e5 8. Be3 Qe7 9. Qc2 c6 10. d5 Ng4 11. Bg5 f6 12. Bd2 Nh6 13. b4 a5 14.
dxc6 bxc6 15. b5 Bb7 16. bxc6 Bxc6 17. Nd5 Qd8 18. Rab1 Nf7 19. Rfd1 Bh6 20. Bxh6 Nxh6 21. Qd2 Nf7 22. h3 Kg7 23. Nh2 Nc5 24. Qe3 h5 25.
Nf3 Ne6 26. Nh4 Bxd5 27. cxd5 Nd4 28. Rxd4 exd4 29. Qxd4 Rb8 30. Rf1 Qb6 31. Qd3 Rfe8 32. Bxh5 gxh5 33. Nf5+ Kf8 34. Qf3 Re5 35. Qxh5 Rxf5 36.
Qxf5 Qd8 37. Rc1 Qe7 38. g3 Kg7 39. Kg2 Re8 40. f3 Qe5 41. Qg4+ Kf8 42. Rc7 Re7 43. Rc8+ Re8 44. Rc7 Qb2+ 45. Kg1 Qb1+ 46. Kf2 Qxa2+ 47. Kg1 Qb1+ 48. Kg2 Qb2+ 49. Kh1 Qb1+ 50. Kg2 Qa2+ 51. Kh1 Rb8 52. Rxf7+ Kxf7 53. Qd7+ Kg6 54. Qg4+ Kf7 55.
Qd7+ Kg8 56. Qxd6 Rb1# 0-1